 Dungeon Crawl Stone Soup version 0.18-a0-1203-gbde16db (webtiles) character file.

7601 wvc the Spear-Bearer (level 10, -3/73 HPs)
             Began as a Grey Draconian Wanderer on Feb 1, 2016.
             Was the Champion of Cheibriados.
             Slain by a centaur warrior (10 damage)
             ... on level 9 of the Dungeon.
             The game lasted 00:23:30 (8722 turns).

wvc the Spear-Bearer (Grey Draconian Wanderer)      Turns: 8722, Time: 00:23:31

Health: -3/73      AC: 17    Str: 37    XL:     10   Next: 97%
Magic:  16/16      EV: 13    Int: 32    God:    Cheibriados [******]
Gold:   533        SH:  0    Dex: 23    Spells: 2 memorised, 13 levels left

rFire  . . .     SeeInvis .     u - +0 halberd
rCold  . . .     Gourm    .     (armour unavailable)
rNeg   + . .     Faith    .     (shield currently unavailable)
rPois  .         Spirit   .     Q - +1 hat
rElec  .         Dismiss  .     L - +0 cloak
rCorr  .         Reflect  .     j - +1 pair of gloves
SustAt .         Harm     .     k - +0 pair of boots
MR     .....                    M - amulet of magic regeneration
Stlth  ++........               r - ring of positive energy
                                d - +6 ring of strength

@: very slow, not resistant to hostile enchantments, unstealthy
A: walk through water, unfitting armour, unbreathing, cold-blooded, AC +12
a: Bend Time, Temporal Distortion, Slouch, Step From Time, Renounce Religion


You were on level 9 of the Dungeon.
You worshipped Cheibriados.
Cheibriados was exalted by your worship.
You were not hungry.

You visited 1 branch of the dungeon, and saw 9 of its levels.
You also visited: Sewer.

You collected 533 gold pieces.

Inventory:

Hand Weapons
 g - a +0 spear
 s - a +1 trident
 u - a +0 halberd (weapon)
 I - a +2 bardiche of venom
 K - the +2 rapier "Sien" {flame, Str+2}
   (You took it off a centaur on level 7 of the Dungeon)

   It has been specially enchanted to burn those struck by it, causing extra
   injury to most foes and up to half again as much damage against particularly
   susceptible opponents.
   It affects your strength (+2).
 N - a +1 spear
Missiles
 w - 4 poisoned javelins (quivered)
 A - 5 javelins
Armour
 j - a +1 pair of gloves (worn)
 k - a +0 pair of boots (worn)
 L - a +0 cloak (worn)
 Q - a +1 hat (worn)
Rods
 T - a +1 rod of ignition (13/13)
   (You found it on level 8 of the Dungeon)
Jewellery
 d - a +6 ring of strength (left hand)
 r - a ring of positive energy (right hand)
 t - an uncursed ring of magical power
 B - an uncursed amulet of guardian spirit
 M - an amulet of magic regeneration (around neck)
Wands
 z - a wand of draining (0/15)
 G - a wand of flame (12/48)
 V - a wand of draining (9/15)
Scrolls
 l - 4 scrolls of enchant weapon
 m - 4 scrolls of fog
 n - 3 scrolls of remove curse
 p - 6 scrolls of teleportation
 v - a scroll of identify
 y - 3 scrolls of enchant armour
 J - a scroll of amnesia
 O - a scroll of magic mapping
 R - a scroll of fear
 S - a scroll of immolation
 U - a scroll of blinking
Potions
 i - 2 potions of invisibility
 o - 3 potions of magic
 q - 3 potions of brilliance
 x - a potion of cancellation {unknown}
 C - 3 potions of lignification
 D - a potion of ambrosia {unknown}
 H - a potion of flight {unknown}
 P - a potion of resistance {unknown}
Books
 a - a book of Flames

   Spells                             Type                      Level
   a - Flame Tongue                   Conjuration/Fire             1
   b - Throw Flame                    Conjuration/Fire             2
   c - Conjure Flame                  Conjuration/Fire             3
   d - Inner Flame                    Hexes/Fire                   3
   e - Sticky Flame                   Conjuration/Fire             4
   f - Fireball                       Conjuration/Fire             5
 b - the Almanac of the Voyage

   Spells                             Type                      Level
   a - Apportation                    Translocation                1
   b - Gell's Gravitas                Hexes/Translocation          3
 c - the Incunabulum of the Mountains

   Spells                             Type                      Level
   a - Sandblast                      Earth                        1
   b - Stone Arrow                    Conjuration/Earth            3
Comestibles
 f - 6 bread rations
 h - 4 meat rations
 E - 11 fruits
 F - 2 royal jellies


   Skills:
 - Level 2.0 Fighting
 * Level 14.7 Polearms
 - Level 1.0 Throwing
 - Level 2.2 Dodging
 - Level 0.4 Stealth
 - Level 4.3 Spellcasting
 - Level 2.4 Conjurations
   Level 1.0 Charms
   Level 1.0 Fire Magic
 - Level 4.6 Earth Magic
   Level 1.0 Poison Magic
 + Level 1.0 Evocations


You had 13 spell levels left.
You knew the following spells:

 Your Spells              Type           Power        Failure   Level  Hunger
a - Apportation           Tloc           #.........   6%          1    None
b - Stone Arrow           Conj/Erth      ####..       4%          3    #......


Dungeon Overview and Level Annotations

Branches:
Dungeon (9/15)             Temple (0/1) D:4
   Lair: D:8-11         Orc: D:9-12

Altars:
Ashenzari
Cheibriados
Fedhas
Gozag
Nemelex Xobeh
Pakellas
Qazlal
Trog
The Shining One


Innate Abilities, Weirdness & Mutations

You can walk through water.
Your dull iron-grey scales are very hard (AC +12).
Your body does not fit into most forms of armour.
You can survive without breathing.
You are cold-blooded and may be slowed by cold attacks.


Message History

You slash the centaur warrior!
Your tail-slap misses the centaur warrior.
The centaur warrior is heavily wounded.
The centaur warrior hits you.
* * * LOW HITPOINT WARNING * * *
Drink which item? (? for menu, Esc to quit)
You feel better.
The centaur warrior hits you but does no damage.
You completely miss the centaur warrior.
The centaur warrior is heavily wounded.
The centaur warrior misses you.
You impale the centaur warrior!!
The centaur warrior is almost dead.
The centaur warrior misses you. The centaur warrior hits you!
* * * LOW HITPOINT WARNING * * *
You hit the centaur warrior.
You tail-slap the centaur warrior, but do no damage.
The centaur warrior is almost dead.
The centaur warrior hits you!
You die...

..............(..................
.................................
......................>..........
.................................
.................................
.................................
.............................(...
#.##....>............#...##.....#
..........((((((@c(.##..##.......
..##....#...#................##..
#####.......###....>.#..#...###..
# ##..##..###....)..#......# ##.
#...#.....#........#.#..## ##
##.#.......#....[.###...#
####............## ##.##
##.#.##......## ##...#
#...####.....# #...##


You could see a centaur warrior.

Vanquished Creatures
  Gastronok (D:9)
  Pikel (D:8)
  Joseph (D:8)
  Maurice (D:8)
  Grinder (D:6)
  A steam dragon (D:6)
  A water moccasin (D:8)
  2 orc warriors
  A sky beast (D:9)
  Purgy (Sewer)
  2 slaves (D:8)
  A necrophage (D:7)
  3 phantoms
  6 ice beasts
  3 ogres
  5 centaurs
  2 big kobolds
  10 giant frogs
  A scorpion (D:8)
  A water moccasin skeleton (D:5)
  4 killer bees (D:9)
  10 wights
  3 crimson imps
  2 hounds
  A giant frog skeleton (D:7)
  A quasit (D:8)
  5 orc priests
  2 orc wizards
  A centaur skeleton (D:4)
  An iguana (D:4)
  10 worker ants
  A worker ant zombie (D:8)
  3 gnolls (D:2)
  13 adders
  A shadow imp (D:4)
  An ooze (D:1)
  An adder zombie (D:5)
  4 worms
  10 giant geckos
  27 orcs
  13 bats
  10 giant cockroaches
  4 goblins
  9 hobgoblins
  14 jackals
  8 quokkas
  3 ball pythons
  A giant gecko zombie (D:5)
  5 giant newts
  18 kobolds
  2 quokka skeletons (D:4)
  A quokka zombie (D:8)
  13 rats
247 creatures vanquished.

Vanquished Creatures (others)
  A slave (D:8)
  A necrophage (D:8)
  A worker ant (D:8)
3 creatures vanquished.

Grand Total: 250 creatures vanquished

Notes
Turn   | Place    | Note
--------------------------------------------------------------
     0 | D:1      | wvc the Draconian Wanderer began the quest for the Orb.
     0 | D:1      | wvc set off with: a book of Flames, the Almanac of the Voyage, the Incunabulum of the Mountains, a +0 club, a bread ration
     0 | D:1      | Reached XP level 1. HP: 14/14 MP: 4/4
   121 | D:1      | Identified the Almanac of the Voyage
   121 | D:1      | Identified the Incunabulum of the Mountains
   125 | D:1      | Reached skill level 1 in Fighting
   377 | D:1      | Reached XP level 2. HP: 23/23 MP: 6/6
   426 | D:1      | Learned a level 1 spell: Apportation
   569 | D:1      | Reached skill level 1 in Dodging
  1001 | D:2      | Found a shattered altar of Ashenzari.
  1003 | D:2      | Reached XP level 3. HP: 29/29 MP: 7/7
  1247 | D:1      | Reached skill level 1 in Polearms
  1384 | D:2      | Reached XP level 4. HP: 17/36 MP: 8/8
  2009 | D:2      | Found a snail-covered altar of Cheibriados.
  2017 | D:2      | Became a worshipper of Cheibriados the Contemplative
  2417 | D:3      | Reached XP level 5. HP: 34/41 MP: 9/9
  2612 | D:3      | Reached * piety under Cheibriados
  2751 | D:3      | Reached skill level 4 in Polearms
  3166 | D:3      | Found an opulent altar of Gozag.
  3365 | D:4      | Reached ** piety under Cheibriados
  3365 | D:4      | Reached skill level 5 in Polearms
  3365 | D:4      | Reached XP level 6. HP: 31/48 MP: 10/10
  3972 | D:4      | Reached skill level 6 in Polearms
  3993 | D:4      | Found a staircase to the Ecumenical Temple.
  4176 | D:5      | Entered Level 5 of the Dungeon
  4213 | D:5      | Reached XP level 7. HP: 48/55 MP: 11/11
  4213 | D:5      | Your scales start taking on a dull iron-grey colour.
  4213 | D:5      | Gained mutation: You can survive without breathing. [Grey Draconian growth]
  4224 | D:5      | Learned a level 3 spell: Stone Arrow
  4405 | D:4      | Reached skill level 7 in Polearms
  4672 | D:5      | Reached *** piety under Cheibriados
  4693 | D:5      | Found a glowing drain.
  4699 | Sewer    | Entered a sewer
  4770 | Sewer    | Noticed Purgy
  4776 | Sewer    | Killed Purgy
  5031 | D:5      | Reached skill level 8 in Polearms
  5182 | D:5      | Reached XP level 8. HP: 58/61 MP: 3/12
  5215 | D:5      | Reached **** piety under Cheibriados
  5440 | D:6      | Found an oddly glowing altar of Pakellas.
  5501 | D:6      | Noticed Grinder
  5508 | D:6      | Killed Grinder
  5508 | D:6      | Reached skill level 9 in Polearms
  5508 | D:6      | Reached skill level 1 in Conjurations
  5865 | D:6      | Reached skill level 10 in Polearms
  6083 | D:7      | Reached XP level 9. HP: 67/67 MP: 10/14
  6102 | D:7      | Found a sparkling altar of Nemelex Xobeh.
  6133 | D:7      | Found a bloodstained altar of Trog.
  6176 | D:7      | Got an uncursed scorched rapier {flame}
  6177 | D:7      | Identified the +2 rapier "Sien" {flame, Str+2} (You took it off a centaur on level 7 of the Dungeon)
  6346 | D:7      | Reached ***** piety under Cheibriados
  6601 | D:7      | Reached skill level 11 in Polearms
  6698 | D:7      | Found a glowing golden altar of the Shining One.
  6867 | D:7      | Found a stormy altar of Qazlal.
  7012 | D:8      | Noticed Joseph
  7308 | D:8      | Found a bloodstained altar of Trog.
  7342 | D:8      | Found a blossoming altar of Fedhas.
  7360 | D:8      | Reached skill level 12 in Polearms
  7389 | D:8      | Noticed Pikel
  7406 | D:8      | Killed Pikel
  7406 | D:8      | Reached XP level 10. HP: 69/73 MP: 16/16
  7420 | D:8      | Identified a cursed +1 rod of ignition (13/13) (You found it on level 8 of the Dungeon)
  7444 | D:8      | Killed Joseph
  7865 | D:8      | Noticed Maurice
  7874 | D:8      | Killed Maurice
  7874 | D:8      | Reached skill level 13 in Polearms
  8240 | D:9      | Reached ****** piety under Cheibriados
  8468 | D:9      | Noticed Gastronok
  8488 | D:9      | Killed Gastronok
  8488 | D:9      | Reached skill level 14 in Polearms
  8707 | D:9      | Noticed a centaur warrior
  8722 | D:9      | Slain by a centaur warrior

Vault maps used:
D:1:      evilmike_arrival_hilbert_curve
D:2:      lemuel_coloured_pillars_altar, evilmike_ruin_ashenzari,
          hangedman_decor_riveting
D:3:      grunt_gozag_breadcrumbs
D:4:      minmay_temple_entry_trees
D:5:      gup_sewer_entry_pipe, first_bread, supply_closet_lemuel
D:6:      basic_altar, uniq_grinder
D:7:      kennysheep_little_box, nemelex_xobeh_ov_fountains_minmay,
          tso_metal_star, basic_altar
D:8:      old_standard_altar, lemuel_crystal_altar, uniq_joseph, uniq_maurice,
          uniq_pikel
D:9:      uniq_gastronok
Sewer:    kennysheep_door_sewer

Action                   |  1- 3 |  4- 6 |  7- 9 | 10-12 || total
-------------------------+-------+-------+-------+-------++-------
Melee: Spear             |   112 |       |       |       ||   112
       Trident           |    58 |   250 |   246 |       ||   554
       Halberd           |       |       |    52 |   146 ||   198
       Bardiche          |       |       |       |     2 ||     2
Throw: Javelin           |       |       |    11 |     7 ||    18
 Cast: Stone Arrow       |       |       |    28 |     5 ||    33
  Use: Scroll            |     7 |    10 |     6 |     4 ||    27
       Potion            |       |       |     1 |     2 ||     3
 Stab: Distracted        |       |     1 |     2 |       ||     3
       Sleeping          |       |       |     6 |     1 ||     7
  Eat: Chunk             |     2 |     2 |     4 |     1 ||     9
       Fruit             |       |     3 |       |       ||     3
       Beef jerky        |       |     1 |     2 |       ||     3
       Pizza             |       |       |     1 |     1 ||     2
